 Dungeon Crawl Stone Soup version 0.29-a0-338-g1ff7896281 (webtiles) character file.

Game seed: 14552282993781135816

1493 kevlar127 the Ruffian (level 8, 0/81 HPs)
             Began as a Troll Berserker on Apr 18, 2022.
             Was a Priest of Trog.
             Slain by a killer bee (6 damage)
             ... on level 6 of the Dungeon.
             The game lasted 00:37:53 (4492 turns).

kevlar127 the Ruffian (Troll Berserker)             Turns: 4492, Time: 00:37:53

Health: 0/81       AC:  4    Str: 28    XL:     8   Next: 51%
Magic:  7/7        EV: 10    Int:  3    God:    Trog [***...]
Gold:   246        SH:  0    Dex:  9    Spells: 7/7 levels left

rFire   . . .      SeeInvis .     - Unarmed
rCold   . . .      Faith    .   (no shield)
rNeg    + . .      Spirit   .   a - +0 animal skin
rPois   .          Reflect  .   (helmet restricted)
rElec   .          Harm     .   (no cloak)
rCorr   .          Rampage  .   (gloves unavailable)
Will    ++...                   (boots unavailable)
Stlth   +.........              (no amulet)
HPRegen 2.03/turn               n - ring of positive energy
MPRegen 0.10/turn               (no ring)

@: lethally poisoned (0 -> 0), strong-willed, regenerating
A: large, unfitting armour, claws 3, regeneration 1, shaggy fur 1, tough skin 1
a: Renounce Religion, Berserk, Trog's Hand


You were on level 6 of the Dungeon.
You worshipped Trog.
Trog was most pleased with you.
You visited 1 branch of the dungeon, and saw 6 of its levels.

You collected 348 gold pieces.
You spent 102 gold pieces at shops.

Inventory:

Missiles
 d - 237 stones (quivered)
 h - 8 poisoned darts
 o - 8 atropa-tipped darts
Armour
 a - a +0 animal skin (worn)
Jewellery
 n - a ring of positive energy (left claw)
Wands
 u - a wand of flame (15)
Scrolls
 b - a scroll of enchant weapon
 e - 2 scrolls of silence
 k - 2 scrolls of immolation
 m - 2 scrolls of noise
 p - 2 scrolls of enchant armour
 s - 2 scrolls of amnesia
 v - a scroll of vulnerability
 w - a scroll of fear {unknown}
Potions
 c - a potion of degeneration {unknown}
 g - a potion of heal wounds {unknown}
 i - a potion of lignification {unknown}
 j - a potion of cancellation
 l - 2 potions of might
 r - a potion of attraction
 t - 3 potions of curing {unknown}


   Skills:
 + Level 5.5 Fighting
 + Level 5.2 Throwing
 + Level 3.0 Dodging
 + Level 6.7 Unarmed Combat


You had 7 spell levels left.
You didn't know any spells.
Your spell library contained the following spells:

 Spells                   Type           Power      Damage    Failure   Level
 Animate Skeleton         Necr           0%         N/A       52%         1
 Beastly Appendage        Tmut           0%         N/A       52%         1
 Pain                     Necr           0%         1d4       52%         1
 Wereblood                Tmut           0%         N/A       67%         2
 Portal Projectile        Hex/Tloc       0%         N/A       88%         3
 Spider Form              Tmut/Pois      0%         N/A       88%         3
 Vampiric Draining        Necr           0%         2d6       88%         3
 Blade Hands              Tmut           0%         N/A       100%        5
 Excruciating Wounds      Necr           0%         N/A       100%        5
 Chain Lightning          Conj/Air       0%         N/A       100%        9
 Fire Storm               Conj/Fire      0%         5d1       100%        9
 Shatter                  Erth           0%         3d5*      100%        9


Dungeon Overview and Level Annotations

Branches:
Dungeon (6/15)             Temple (0/1) D:4

Altars:
Cheibriados
Fedhas

Shops:
D:1 *


Innate Abilities, Weirdness & Mutations

You are too large for most types of armour.
You have claws for hands.
Your natural rate of healing is unusually fast.
You are covered in fur. (AC +1)
You have tough skin. (AC +1)


Message History

The killer bee stings you but does no damage. x2
The gnoll hits you from afar with a +0 halberd.
You miss the killer bee. Your claw misses the killer bee.
The killer bee is lightly wounded.
You feel sick. The killer bee stings you.
You are more poisoned.
The killer bee poisons you! The killer bee completely misses you.
The gnoll hits you from afar with a +0 halberd!
You feel very sick. The killer bee stings you!
You miss the killer bee.
The killer bee is lightly wounded.
You feel sick. The killer bee barely misses you. The killer bee stings you!
You are more poisoned.
The killer bee poisons you!
You miss the killer bee.
The killer bee is lightly wounded.
You feel sick. The killer bee stings you!
* * * LOW HITPOINT WARNING * * *
Okay, then.
As you read the scroll of fog, it crumbles to dust.
The scroll dissolves into smoke.
You feel very sick. The killer bee stings you.
* * * LOW HITPOINT WARNING * * *
The killer bee barely misses you.
The killer bee attacks as you move away!
The killer bee stings you but does no damage.
You feel sick. The killer bee stings you.
* * * LOW HITPOINT WARNING * * *
You are more poisoned.
The killer bee poisons you!
You feel very sick. The killer bee stings you.
* * * LOW HITPOINT WARNING * * *
You feel very sick.
There is a stone staircase leading up here.
You feel very sick. The killer bee stings you.
You die...

###
###§############.
#.y@§§)))).......
#.#§############.
# #y# #§# #§# #§#


(cg .#.## #.#)# You could see 2 killer bees.

Vanquished Creatures
  Eustachio (D:5)
  Edmund (D:4)
  A sky beast (D:4)
  Duvessa (D:4)
  An ogre (D:4)
  A phantom (D:5)
  2 necrophages
  A scorpion (D:5)
  Dowan (D:4)
  A killer bee (D:6)
  A jelly (D:4)
  4 gnoll shamans
  3 hounds (D:5)
  2 iguanas (D:4)
  Natasha (thrice) (D:2)
  6 adders
  13 gnolls
  6 worms
  4 orcs
  2 endoplasms (D:2)
  2 giant cockroaches
  8 goblins
  7 hobgoblins
  4 jackals (D:5)
  5 quokkas
  12 ball pythons
  5 bats
  4 frilled lizards
  7 kobolds
  5 rats
114 creatures vanquished.

Vanquished Creatures (others)
  4 toadstools (D:1)
4 creatures vanquished.

Grand Total: 118 creatures vanquished

Notes
Turn   | Place    | Note
-------+----------+-------------------------------------------
     0 | D:1      | kevlar127 the Troll Berserker began the quest for the Orb.
     0 | D:1      | Reached XP level 1. HP: 22/22 MP: 0/0
    19 | D:1      | Found Xaket's General Store.
   172 | D:1      | Found a faded altar of an unknown god.
   253 | D:1      | Reached XP level 2. HP: 22/29 MP: 1/1
   806 | D:2      | Noticed Natasha
   810 | D:2      | Noticed a crimson imp
   817 | D:2      | Killed Natasha
   818 | D:2      | Reached XP level 3. HP: 26/36 MP: 2/2
   840 | D:2      | Reached skill level 1 in Throwing
   998 | D:2      | Noticed Natasha
  1006 | D:2      | Killed Natasha
  1006 | D:2      | Reached ** piety under Trog
  1007 | D:2      | Reached XP level 4. HP: 44/45 MP: 3/3
  1354 | D:2      | Reached skill level 4 in Unarmed Combat
  1492 | D:2      | Noticed Natasha
  1495 | D:2      | Killed Natasha
  1664 | D:1      | Bought a potion of might for 48 gold pieces
  1664 | D:1      | Bought a scroll of immolation for 42 gold pieces
  1664 | D:1      | Bought a scroll of noise for 12 gold pieces
  1698 | D:3      | Reached XP level 5. HP: 53/53 MP: 4/4
  2244 | D:4      | Noticed a sky beast
  2249 | D:4      | Killed a sky beast
  2250 | D:4      | Reached XP level 6. HP: 62/62 MP: 5/5
  2475 | D:4      | Found a blossoming altar of Fedhas.
  2507 | D:4      | Reached skill level 5 in Unarmed Combat
  2516 | D:4      | Reached *** piety under Trog
  2566 | D:4      | Noticed Edmund
  2579 | D:4      | Killed Edmund
  2580 | D:4      | Reached XP level 7. HP: 34/71 MP: 6/6
  2702 | D:4      | Noticed Dowan
  2704 | D:4      | Noticed Duvessa
  2705 | D:4      | Killed Dowan
  2722 | D:4      | Killed Duvessa
  2778 | D:4      | Found a snail-covered altar of Cheibriados.
  3118 | D:4      | Found a staircase to the Ecumenical Temple.
  3469 | D:5      | Entered Level 5 of the Dungeon
  3469 | D:5      | Noticed Eustachio
  3477 | D:5      | Killed Eustachio
  3478 | D:5      | Reached skill level 5 in Fighting
  3478 | D:5      | Reached skill level 6 in Unarmed Combat
  3479 | D:5      | Reached XP level 8. HP: 80/80 MP: 7/7
  4287 | D:5      | Reached skill level 5 in Throwing
  4492 | D:6      | Slain by a killer bee

Illustrated notes

Levels and vault maps discovered:
D:1:      ldierk_walled_garden_2, layout_basic,
          chequers_ecumenical_altar_simple_redux, serial_shops, shop
D:2:      minmay_recursive_quarters, layout_loops_ring, minmay_tromino_mix6,
          uniq_natasha
D:3:      layout_rooms
D:4:      layout_loops_ring, mainiacjoe_overflow_catch_the_wave,
          lemuel_temple_firewalk_a, minmay_cupped, uniq_duvessa, uniq_edmund
D:5:      layout_basic, chequers_serial_rivers_micro_b, uniq_eustachio
D:6:      layout_basic

Skill      XL: |  1  2  3  4  5  6  7  8 |
---------------+-------------------------+-----
Throwing       | 1 2 3 4 5 |  5.2
Fighting       | 3 4 5 |  5.5
Unarmed Combat | 4 5 6 |  6.7
Dodging        | 3 |  3.0

Action                   |  1- 3 |  4- 6 |  7- 9 || total
-------------------------+-------+-------+-------++-------
Melee: Unarmed           |    70 |   142 |    97 ||   309
       Punch             |     1 |     3 |     3 ||     7
Throw: Stone             |     1 |     1 |     2 ||     4
       Dart              |       |     9 |       ||     9
       Large rock        |       |     4 |    16 ||    20
Invok: Trog's Hand       |       |     1 |     5 ||     6
       Berserk           |       |     1 |     2 ||     3
  Use: Scroll            |       |       |     9 ||     9
Armor: Animal skin       |    15 |    42 |    15 ||    72
Dodge: Dodged            |    24 |    70 |    66 ||   160

Table legend: (Time is in decaauts)
 A = Elapsed time spent in this place.
 B = Non-inter-level travel time spent in this place.
 C = Inter-level travel time spent in this place.
 D = Time resting spent in this place.
 E = Time spent auto-exploring this place.
 F = Levels seen in this place.
 G = Mean time per level.
                   A        B        C        D        E       F      G
               +--------+--------+--------+--------+--------+-----+--------+
         Total |   4518 |   4003 |    515 |    307 |   2925 |   6 |  753.0 |
       Dungeon |   4518 |   4003 |    515 |    307 |   2925 |   6 |  753.0 |
               +--------+--------+--------+--------+--------+-----+--------+

Top non-repeatable levels by time:
     D:4: 1252 daAuts
     D:5: 978 daAuts
     D:2: 910 daAuts
     D:1: 775 daAuts
     D:3: 543 daAuts
     D:6: 58 daAuts
